 Dungeon Crawl Stone Soup version 0.18.1-8-gdd0e5ea (webtiles) character file.

6276929 Gorice the Minotaur Blade (level 27, 260/260 HPs)
             Began as a Minotaur Fighter on May 21, 2016.
             Was the Champion of the Shining One.
             Escaped with the Orb
             ... and 9 runes on May 22, 2016!
             The game lasted 10:27:00 (100404 turns).

Gorice the Minotaur Blade (Minotaur Fighter)      Turns: 100404, Time: 10:27:01

Health: 260/260    AC: 50    Str: 23    XL:     27
Magic:  33/33      EV: 23    Int: 11    God:    the Shining One [******]
Gold:   3233       SH:  0    Dex: 15    Spells: 8 memorised, 28 levels left

rFire  + . .     SeeInvis +     a - +9 triple sword (holy)
rCold  . . .     Gourm    .     c - +10 pearl dragon armour
rNeg   + + +     Faith    .     (shield currently unavailable)
rPois  .         Spirit   +     n - +2 hat of the Bear Spirit {Spirit, +Rage rN+ MR++}
rElec  .         Dismiss  .     P - +2 cloak {+Inv}
rCorr  .         Reflect  .     R - +2 pair of gloves {archery}
SustAt .         Harm     .     e - +2 pair of boots of the Assassin {DetectMon Stab+ Stlth++}
MR     ++++.                    i - amulet "Igubej" {Spirit rF+ SInv}
Stlth  +.........               x - +5 ring of slaying
                                j - +6 ring of protection

@: glowing, incredibly resistant to hostile enchantments, very unstealthy
A: retaliatory headbutt, horns 2, low mp 1
a: Divine Shield, Cleansing Flame, Summon Divine Warrior, Brand Weapon With Holy
Wrath, Renounce Religion, Evoke Berserk Rage, Evoke Invisibility
0: Orb of Zot
}: 9/15 runes: barnacled, slimy, silver, demonic, glowing, magical, fiery, dark,
gossamer


You escaped.
You worshipped the Shining One.
The Shining One was exalted by your worship.
You were not hungry.

You visited 12 branches of the dungeon, and saw 61 of its levels.
You visited Pandemonium 4 times, and saw 28 of its levels.
You visited the Abyss 3 times.
You also visited: Trove, Ice Cave and Wizlab.

You collected 11760 gold pieces.
You spent 8527 gold pieces at shops.

Inventory:

Hand Weapons
 a - a +9 triple sword of holy wrath (weapon)
   (You found it on level 13 of the Dungeon)
Missiles
 A - 18 javelins of returning (quivered)
 Y - 6 throwing nets
Armour
 c - a +10 pearl dragon armour (worn)
 e - the +2 pair of boots of the Assassin (worn) {DetectMon Stab+ Stlth++}
   (You acquired it on level 1 of the Lair of Beasts)

   It makes you much more stealthy.
 n - the +2 hat of the Bear Spirit (worn) {Spirit, +Rage rN+ MR++}
   (You found it on level 5 of the Vaults)

   It protects you from negative energy.
   It affects your resistance to hostile enchantments.
   It lets you go berserk.
 P - a +2 cloak of invisibility (worn)
   (You acquired it on level 1 of the Lair of Beasts)
 R - a +2 pair of gloves of archery (worn)
   (You acquired it on level 1 of the Lair of Beasts)
Rods
 L - a +0 lightning rod (10/10) {!a}
   (You found it on level 6 of the Lair of Beasts)
Jewellery
 b - the ring of Polytheism {rElec rN+ MR++ Str+2 Int-5}
   (You found it on level 3 of the Crypt)

   [ring of positive energy]

   It affects your strength (+2).
   It affects your intelligence (-5).
   It insulates you from electricity.
   It protects you from negative energy.
   It affects your resistance to hostile enchantments.
 i - the amulet "Igubej" (around neck) {Spirit rF+ SInv}
   (You found it in a treasure trove)

   [amulet of guardian spirit]

   It causes incoming damage to be split between your health and magic.
   It protects you from fire.
   It lets you see invisible.
 j - a +6 ring of protection (left hand)
 r - an uncursed ring of resist corrosion
 x - a +5 ring of slaying (right hand)
 B - an uncursed ring of protection from cold
 Q - the ring of Eternal Night {rF+ EV+1}
   (You took it off a balrug in Pandemonium)

   [ring of evasion]

   It affects your evasion (+1).
   It protects you from fire.
 U - the ring of Brilliance {+Fly rPois Str+3 Slay+2}
   (You took it off a vault guard on level 5 of the Vaults)

   [ring of flight]

   It affects your strength (+3).
   It affects your accuracy and damage with ranged weapons and melee attacks
   (+2).
   It protects you from poison.
   It lets you fly.
Wands
 o - a wand of digging (6/24)
 q - a wand of teleportation (5/9) {!d}
 D - a wand of heal wounds (3/9) {!d}
 F - a wand of digging (12/24)
 O - a wand of disintegration (13/24)
Scrolls
 g - a scroll of summoning {!r}
 h - 39 scrolls of remove curse
 l - 31 scrolls of identify
 t - a scroll of magic mapping {!r}
 C - a scroll of enchant armour
 E - 19 scrolls of teleportation {!r}
 G - 7 scrolls of fear {!r}
 J - 11 scrolls of fog
 N - 7 scrolls of blinking
Potions
 d - 4 potions of might {!q}
 k - 9 potions of magic {!q}
 m - 4 potions of agility {!q}
 p - 2 potions of haste {!q}
 s - 7 potions of cancellation {!q}
 v - 16 potions of curing
 y - 2 potions of flight
 H - 14 potions of heal wounds {!q}
 K - 3 potions of cure mutation {!q}
 M - 7 potions of brilliance {!q}
 S - 6 potions of resistance {!q}
Miscellaneous
 u - a box of beasts
 I - a lamp of fire
 X - a fan of gales
Comestibles
 T - 50 fruits
 Z - 28 meat rations {!e}


   Skills:
 + Level 23.7 Fighting
 - Level 24.0 Long Blades
 + Level 13.4 Throwing
 - Level 22.0 Armour
 - Level 22.0 Dodging
 - Level 12.4 Stealth
   Level 3.6 Shields
 - Level 11.0 Spellcasting
 - Level 9.0 Hexes
 - Level 18.0 Charms
 - Level 6.4 Summonings
 - Level 8.0 Translocations
 - Level 8.1 Air Magic
 + Level 14.4 Invocations
 - Level 15.0 Evocations


You had 28 spell levels left.
You knew the following spells:

 Your Spells              Type           Power        Failure   Level  Hunger
a - Spectral Weapon       Hex/Chrm       #####...     1%          3    ##.....
p - Portal Projectile     Tloc           ###...       2%          3    ##.....
A - Apportation           Tloc           ###.......   1%          1    None
B - Summon Butterflies    Summ           ###.....     1%          1    None
H - Haste                 Chrm           #####...     1%          6    #######
J - Blink                 Tloc           N/A          1%          2    None
M - Repel Missiles        Chrm/Air       ####..       1%          2    None
S - Swiftness             Chrm/Air       ####....     1%          2    None


Dungeon Overview and Level Annotations

Branches:
Dungeon (15/15)            Temple (1/1) D:7            Lair (8/8) D:8
 Shoals (4/4) Lair:4       Spider (4/4) Lair:3        Slime (6/6) Lair:7
    Orc (2/2) D:11            Elf (3/3) Orc:2        Vaults (5/5) D:14
  Crypt (3/3) Vaults:3       Tomb (0/3) Crypt:3      Depths (5/5) D:15
    Zot (5/5) Depths:5

Altars:
Ashenzari
Cheibriados
Dithmenos
Elyvilon
Fedhas
Gozag
Kikubaaqudgha
Makhleb
Nemelex Xobeh
Okawaru
Pakellas
Qazlal
Ru
Sif Muna
Trog
Vehumet
Xom
Yredelemnul
Zin
The Shining One
Jiyva

Shops:
D:5 *   D:9 :   D:10 [   D:13 *   Orc:2 ![::*!   Elf:1 (   Elf:2 !   Shoals:1 !
Shoals:3 *   Shoals:4 (   Vaults:4 [*   Vaults:5 (   Depths:2 *   Depths:3 :

Portals:
Hell: Depths:1 Depths:2 Depths:3 Depths:4 Depths:5
Abyss: Depths:4 Depths:5
Pandemonium: Depths:1 Depths:3 Depths:5
Ziggurat: Depths:4

Annotations:
D:2 Robin
Elf:3 Nikola


Innate Abilities, Weirdness & Mutations

You reflexively headbutt those who attack you in melee.
You have a pair of horns on your head.
Your magical capacity is low (-10% MP).


Message History

The neqoxec shouts!
The neqoxec gestures.
There is an escape hatch in the ceiling here.
A mysterious force pulls you upwards. The hatch slams shut behind you.
A soul eater comes into view.
The soul eater moves out of view.
Evoke which item? (* to show all) (? for menu, Esc to quit)
Zapping:
o - a wand of digging (7/24)
Press: ? - help, Shift-Dir - straight line The rock shatters into small pieces.
This wand has 6 charges left.
There is a staircase leading out of the dungeon here.
Throwing (i - inventory. (,) - cycle):
A - 18 javelins of returning (quivered)
Press: ? - help, Shift-Dir - straight line, f - soul eater
Aim: a soul eater (haloed)
You throw a javelin of returning.
The javelin of returning hits the soul eater!!!
The soul eater is heavily wounded.
The javelin of returning returns to your pack!
Throwing (i - inventory. (,) - cycle):
A - 18 javelins of returning (quivered)
Press: ? - help, Shift-Dir - straight line, f/p - soul eater
Aim: a soul eater (heavily wounded, haloed)
You throw a javelin of returning.
The javelin of returning barely misses the soul eater.
The javelin of returning returns to your pack!
Throwing (i - inventory. (,) - cycle):
A - 18 javelins of returning (quivered)
Press: ? - help, Shift-Dir - straight line, f - you Really target yourself?
Okay, then.
Unknown command.
Throwing (i - inventory. (,) - cycle):
A - 18 javelins of returning (quivered)
Press: ? - help, Shift-Dir - straight line, f - soul eater
Aim: a soul eater (heavily wounded, haloed)
You throw a javelin of returning.
The javelin of returning hits the soul eater but does no damage.
The soul eater is heavily wounded.
The javelin of returning returns to your pack!
Throwing (i - inventory. (,) - cycle):
A - 18 javelins of returning (quivered)
Press: ? - help, Shift-Dir - straight line, f/p - soul eater
Aim: a soul eater (heavily wounded, haloed)
You throw a javelin of returning.
The javelin of returning hits the soul eater but does no damage.
The soul eater is heavily wounded.
The javelin of returning returns to your pack!
You barely miss the soul eater. You headbutt the soul eater.
The soul eater is heavily wounded.
The soul eater hits you but does no damage.
You cut the soul eater into ribbons!!!
You kill the soul eater!
Okay, then.
You have escaped!

##.......## #..####..####..
##..##.#...####.#.......##..
##...#..##...###.#.##..#.#...
##..#.#..###...##.......#รท##..
##..##..#.# ##..###..##.##.....
##..###.##.# ##..##..##.##.####
##..## #..#.####...##..##....#
...## #......#....###.##....#
..## #.####.#.@..# #)##....#
...## #......#....# #.##....#
##..## #.##.####...# #.##....#
.##..###.##.# ##..# #..#....#
.###..##....# ##...# ##.#....#
.# ##..#.#..###....#
#..)....#### .#
##...#..##...#.###...........
.# ##..##.#...##.......>#......
.# ##.......###.###.##.#.)....


There were no monsters in sight!

Vanquished Creatures
  Cerebov (Pan)
  the Royal Jelly (Slime:6)
  Ignacio (Pan)
  Mnoleg (Pan)
  Gloorx Vloq (Pan)
  Khufu (Crypt:2)
  6 orbs of fire (Zot:5)
  Mara (Vaults:2)
  8 ancient liches
  6 pandemonium lords (Pan)
  A juggernaut (Depths:5)
  3 greater mummies
  Sojobo (Vaults:3)
  Saint Roka (Depths:2)
  Frederick (Depths:4)
  A curse toe (Zot:2)
  A Killer Klown (Zot:4)
  3 caustic shrikes (Depths:5)
  4 golden dragons
  2 profane servitors
  the Enchantress (Depths:4)
  2 bone dragons
  A Tzitzimitl (Pan)
  An iron giant (Depths:5)
  4 electric golems
  8 Brimstone Fiends
  Jorgrun (Depths:1)
  10 liches
  6 tentacled monstrosities
  3 Ice Fiends (Pan)
  23 Orb Guardians
  3 Hell Sentinels (Pan)
  A deep elf blademaster (Elf:3)
  Asterion (Vaults:1)
  A deep elf master archer (Elf:3)
  A quicksilver dragon (Depths:5)
  5 titans (Vaults:5)
  13 acid blobs
  26 Executioners
  4 krakens
  Polyphemus (Shoals:1)
  Frances (Elf:2)
  An eldritch tentacle (Pan)
  3 ancient champions
  17 tentacled starspawn
  Kirke (Elf:1)
  3 death cobs
  5 sphinxes
  3 storm dragons
  6 shadow dragons
  10 daevas
  Ilsuiw (Shoals:4)
  3 revenants
  6 azure jellies (Slime:6)
  9 tengu reavers
  Donald (Shoals:2)
  7 deep elf sorcerers
  12 blood saints (Pan)
  4 corrupters (Pan)
  9 fire giants
  Maud (Lair:6)
  A draconian knight (Depths:5)
  27 cacodemons
  3 orc warlords
  4 ghost moths
  5 curse skulls
  21 balrugs
  18 vault wardens
  8 deep elf elementalists
  6 emperor scorpions
  Aizul (Shoals:2)
  13 frost giants
  7 angels
  3 warmongers (Pan)
  13 ironheart preservers
  A caustic shrike skeleton (Depths:2)
  2 juggernaut zombies
  4 reapers
  3 spriggan defenders (Depths:4)
  2 draconian annihilators (Pan)
  6 ghouls
  A draconian caller (Zot:4)
  22 very ugly things
  22 stone giants
  8 apis (Pan)
  8 war gargoyles
  3 ophanim (Pan)
  7 deep elf annihilators
  4 salamander stormcallers
  12 lorocyprocas
  6 vampire knights
  7 deep elf demonologists
  4 green draconians
  A chaos champion (Pan)
  2 white draconians
  9 spark wasps
  A red draconian (Zot:2)
  2 black draconians
  3 crystal guardians
  4 black suns (Pan)
  3 mottled draconians
  23 blizzard demons
  6 merfolk javelineers
  An eidolon (Crypt:2)
  3 purple draconians (Depths:5)
  7 deep elf death magi
  15 fire dragons
  2 minotaurs (Depths:3)
  A mummy priest (Crypt:3)
  11 merfolk impalers
  13 ettins
  6 death oozes (Slime:6)
  5 green deaths (Pan)
  11 jiangshi
  Josephine (Lair:5)
  16 yaktaur captains
  6 deep elf high priests
  34 vault guards
  A quicksilver dragon zombie (Crypt:3)
  7 great orbs of eyes
  3 hell beasts (Pan)
  A ghost crab (shapeshifter) (Depths:3)
  7 entropy weavers
  8 ice dragons
  Erolcha (Orc:1)
  5 monstrous demonspawn (Pan)
  6 merfolk avatars
  2 quicksilver dragon skeletons (Pan)
  A catoblepas (Shoals:2)
  7 hydras
  9 rakshasas
  17 centaur warriors
  5 spriggan air magi
  3 merfolk aquamancers
  15 ogre magi
  7 death knights
  A satyr (Shoals:3)
  19 death yaks
  4 deep troll earth magi
  4 deep troll shamans
  31 dancing weapons
  Erica (Orc:1)
  A hell hog (shapeshifter) (Vaults:5)
  6 tengu warriors
  5 vampire magi
  18 thrashing horrors
  The ghost of baljet the Slicer, a journeyman VSAs of Makhleb (Lair:2)
  3 iron golems (WizLab)
  10 spriggan berserkers
  4 orc high priests (Orc:2)
  53 sun demons
  Sonja (D:12)
  2 titan skeletons
  26 skeletal warriors
  A golden dragon zombie (Depths:3)
  A storm dragon zombie (Vaults:2)
  2 iron giant skeletons
  16 soul eaters
  A hellephant skeleton (Crypt:1)
  29 deep elf knights
  A titan zombie (Crypt:1)
  4 spatial maelstroms
  10 hell knights
  2 unseen horrors
  19 wretched stars
  8 shadow wraiths
  4 iron trolls
  A storm dragon skeleton (Pan)
  A cherub (Pan)
  9 shadow demons
  7 wizards
  An anaconda zombie (Crypt:2)
  8 flayed ghosts
  17 sea snakes
  13 deep trolls
  2 giant orange brains
  8 putrid demonspawn
  9 hill giants
  5 gelid demonspawn (Pan)
  3 shadow dragon zombies
  27 deep elf archers
  13 torturous demonspawn (Pan)
  3 infernal demonspawn (Pan)
  16 ironbrand convokers
  11 necromancers
  Pikel (D:7)
  2 shadow dragon skeletons
  74 deep elf magi
  8 phantasmal warriors
  30 harpies
  An orb spider (shapeshifter) (Abyss:3)
  11 griffons
  2 golden dragon skeletons (Crypt:3)
  3 lindwurms (Lair:8)
  15 orc knights
  2 wolf spider zombies
  A stone giant zombie (Crypt:1)
  7 orc sorcerers
  14 orb spiders
  37 wolf spiders
  8 hornets
  26 ugly things
  7 salamanders
  3 worldbinders
  36 sixfirhies
  15 manticores
  5 fauns
  A frost giant zombie (Depths:3)
  5 moths of wrath
  12 cyclopes
  17 sirens
  A moth of wrath (shapeshifter) (Vaults:5)
  The ghost of HungrySpirit the Ruffian, a novice TrSk of Okawaru (D:5)
  3 shining eyes
  42 elephants
  A salamander (shapeshifter) (Depths:4)
  2 toenail golems (WizLab)
  A frost giant skeleton (Vaults:2)
  A black mamba (shapeshifter) (Depths:5)
  4 ice statues
  3 black mambas
  2 titan simulacra
  4 rust devils
  19 vault sentinels
  A centaur zombie (D:14)
  Joseph (D:8)
  5 water nymphs
  3 eyes of devastation
  A grey draconian zombie (Crypt:1)
  31 smoke demons
  23 orange demons
  9 fire giant skeletons (Crypt:3)
  A water nymph (shapeshifter) (Abyss:3)
  10 gargoyles
  3 apocalypse crabs
  13 torpor snails
  9 spiny frogs
  A komodo dragon (shapeshifter) (Elf:1)
  3 hellions
  2 rime drakes (Lair:8)
  An emperor scorpion zombie (Crypt:1)
  10 komodo dragons
  A redback zombie (D:14)
  26 ice devils
  7 efreet
  16 tormentors
  28 demonic crawlers
  19 freezing wraiths
  12 hellwings (Pan)
  An alligator snapping turtle skeleton (Crypt:2)
  6 ancient zymes
  4 kobold demonologists
  69 yaktaurs
  4 guardian mummies
  A yaktaur skeleton (Vaults:2)
  A yaktaur (shapeshifter) (Elf:1)
  A silent spectre (Abyss:1)
  A harpy zombie (Abyss:3)
  A queen bee (Lair:4)
  25 red devils
  5 tengu conjurers
  A death drake zombie (Crypt:1)
  A troll (shapeshifter) (Vaults:3)
  10 trolls
  40 jumping spiders
  5 giant leeches (Lair:8)
  20 two-headed ogres
  A wind drake (shapeshifter) (Vaults:3)
  11 boulder beetles
  6 polar bears
  69 large abominations
  44 merfolk
  A wind drake (Shoals:1)
  2 harpy skeletons (Crypt:3)
  Prince Ribbit (D:9)
  15 raiju
  A fire dragon zombie (Abyss:3)
  21 blink frogs
  A bog body (Crypt:1)
  96 slime creatures
  A raiju (shapeshifter) (Elf:3)
  A slime creature (shapeshifter) (Vaults:5)
  2 ushabtiu (Crypt:3)
  An ettin zombie (Crypt:1)
  A boulder beetle (shapeshifter) (Depths:4)
  A spriggan skeleton (Depths:2)
  12 snapping turtles
  A shock serpent simulacrum (Abyss:4)
  15 flying skulls
  31 ynoxinuls
  A stone giant simulacrum (Vaults:3)
  79 redbacks
  4 basilisks
  A vampire (Abyss:4)
  7 shadows
  25 tarantellas
  A wyvern (Lair:6)
  7 fire dragon skeletons (Crypt:3)
  A satyr skeleton (Crypt:1)
  A fire bat (shapeshifter) (Depths:3)
  6 air elementals
  A yak (shapeshifter) (Elf:1)
  Sigmund (D:5)
  22 water elementals
  4 hungry ghosts
  10 wraiths
  A hippogriff (shapeshifter) (Elf:3)
  6 fire elementals
  86 yaks
  A wind drake zombie (Crypt:1)
  Eustachio (D:6)
  A golden eye (shapeshifter) (Vaults:2)
  A human (shapeshifter) (Depths:5)
  10 spriggans
  15 hippogriffs
  Grum (D:9)
  13 neqoxecs
  An emperor scorpion simulacrum (Abyss:3)
  17 golden eyes
  15 vampire mosquitoes
  A steam dragon (shapeshifter) (Vaults:3)
  A steam dragon (Lair:7)
  11 chaos spawn
  Menkaure (D:5)
  2 mottled dragons
  A faun zombie (Crypt:2)
  2 wargs (shapeshifter)
  5 wargs
  6 insubstantial wisps
  A soldier ant (D:8)
  A harpy simulacrum (Abyss:3)
  4 spatial vortices
  A merfolk zombie (Abyss:4)
  A tengu zombie (Depths:2)
  10 water moccasins
  3 giant eyeballs
  A giant eyeball (shapeshifter) (Depths:5)
  7 black bears
  11 porcupines
  53 orc warriors
  A snapping turtle zombie (Crypt:1)
  20 wasps
  3 ice beasts
  A phantom (D:13)
  2 sky beasts
  5 eyes of draining
  A black bear (shapeshifter) (D:13)
  4 necrophages
  35 starcursed masses
  A lindwurm zombie (Crypt:2)
  55 ogres
  25 boggarts
  10 wolves
  A wolf (shapeshifter) (Vaults:5)
  3 human skeletons
  A tengu (shapeshifter) (D:14)
  12 centaurs
  A swamp dragon skeleton (Crypt:3)
  18 big kobolds
  14 crocodiles
  Blork the orc (D:5)
  20 giant frogs
  3 gnoll sergeants (D:11)
  4 earth elementals
  18 small abominations
  2 glowing shapeshifter simulacra
  An elf skeleton (Crypt:3)
  A queen bee zombie (Crypt:1)
  9 scorpions
  A boulder beetle zombie (Crypt:2)
  34 killer bees
  5 human simulacra
  A troll zombie (Crypt:1)
  16 wights
  4 electric eels
  5 howler monkeys
  8 crimson imps
  A draconian simulacrum (IceCv)
  A giant frog zombie (D:12)
  6 hounds
  2 quasits
  2 human zombies
  Crazy Yiuf (D:7)
  18 jellies
  46 orc wizards
  7 giant frog skeletons
  30 orc priests
  3 iron imps
  8 centaur skeletons
  4 iguanas
  A hell rat (Lair:6)
  13 worker ants
  2 troll simulacra (IceCv)
  27 sheep
  A deep dwarf zombie (Crypt:1)
  A killer bee zombie (D:9)
  2 crocodile zombies
  A felid skeleton (Crypt:2)
  A hound skeleton (D:5)
  17 mummies
  2 worker ant zombies
  18 gnolls
  A howler monkey skeleton (D:6)
  3 naga simulacra (IceCv)
  18 adders
  4 ogre simulacra (IceCv)
  50 river rats
  5 shadow imps
  5 white imps
  4 ufetubi
  An adder skeleton (D:9)
  An adder zombie (D:9)
  26 worms
  2 ball lightnings (Pan)
  2 dart slugs (D:1)
  7 giant geckos
  125 orcs
  An orc (shapeshifter) (Vaults:5)
  7 bats
  2 giant cockroaches
  16 goblins
  7 hobgoblins
  10 jackals
  41 kobolds
  7 quokkas
  3 ball pythons
  7 giant newts
  A goblin skeleton (Crypt:2)
  A kobold zombie (Crypt:1)
  6 rats
  A butterfly (Lair:2)
  A fungus (Lair:1)
  A lost soul (Crypt:1)
  3 plants
  10 starspawn tentacles
  A starspawn tentacle segment (Abyss:3)
  18 tentacles
3865 creatures vanquished.

Vanquished Creatures (collateral kills)
  Lom Lobon (Pan)
  A pandemonium lord (Pan)
  An Orb Guardian (Zot:5)
  An azure jelly (Slime:6)
  2 cacodemons (Pan)
  3 thrashing horrors (Abyss:5)
  A wizard (Pan)
  A smoke demon (Pan)
  An orange demon (Pan)
  A neqoxec (Pan)
  A chaos spawn (Pan)
  A small abomination (Abyss:5)
15 creatures vanquished.

Vanquished Creatures (others)
  Margery (Crypt:3)
  2 tengu reavers
  A deep elf demonologist (Elf:3)
  A merfolk aquamancer (Shoals:4)
  A sun demon (Pan)
  A spatial maelstrom (Depths:1)
  A torturous demonspawn (Pan)
  A putrid demonspawn (Pan)
  An ugly thing (Abyss:4)
  An orc sorcerer (Elf:1)
  A wizard (Pan)
  An orange demon (Pan)
  A yaktaur (Vaults:4)
  A hellwing (Pan)
  A spriggan (Depths:3)
  A redback (Vaults:5)
  2 humans (Elf:1)
  A golden eye (Abyss:5)
  2 chaos spawn (Pan)
  A boggart (Depths:4)
  A white imp (D:7)
  11 ball lightnings (Pan)
  A block of ice (Pan)
  10 bushes
  2 demonic plants (Pan)
  17 eldritch tentacle segments (Pan)
  A fire vortex (Pan)
  20 fungi
  8 lost souls
  2 lurking horrors
  28 plants
  71 spectral weapons
  46 starspawn tentacles
  463 starspawn tentacle segments
  30 tentacles
  1535 tentacle segments
  26 withered plants
2295 creatures vanquished.

Grand Total: 6175 creatures vanquished

Notes
Turn   | Place    | Note
--------------------------------------------------------------
     0 | D:1      | Gorice the Minotaur Fighter began the quest for the Orb.
     0 | D:1      | Reached XP level 1. HP: 19/19 MP: 0/0
    99 | D:1      | Reached skill level 3 in Long Blades
   123 | D:1      | Reached XP level 2. HP: 24/26 MP: 1/1
   391 | D:1      | Reached skill level 4 in Long Blades
   436 | D:1      | Reached XP level 3. HP: 31/31 MP: 2/2
   979 | D:2      | Found a snail-covered altar of Cheibriados.
  1033 | D:2      | Noticed Robin
  1052 | D:2      | Reached skill level 5 in Long Blades
  1052 | D:2      | Reached XP level 4. HP: 38/39 MP: 3/3
  1126 | D:2      | Reached skill level 4 in Armour
  1848 | D:3      | Found an oddly glowing altar of Pakellas.
  2117 | D:3      | Found an ancient bone altar of Kikubaaqudgha.
  2118 | D:3      | Found a stormy altar of Qazlal.
  2200 | D:3      | Reached XP level 5. HP: 34/45 MP: 4/4
  2206 | D:3      | Reached skill level 6 in Long Blades
  2605 | D:4      | Reached XP level 6. HP: 51/51 MP: 5/5
  2640 | D:4      | Reached skill level 7 in Long Blades
  2693 | D:4      | Reached skill level 5 in Armour
  2971 | D:5      | Entered Level 5 of the Dungeon
  2971 | D:5      | Noticed Blork the orc
  2983 | D:5      | Killed Blork the orc
  2983 | D:5      | Reached skill level 8 in Long Blades
  2983 | D:5      | Reached XP level 7. HP: 36/57 MP: 6/6
  3121 | D:5      | Reached skill level 6 in Armour
  3330 | D:5      | Found Ydymif's Assorted Antiques.
  3345 | D:5      | Reached skill level 9 in Long Blades
  3371 | D:5      | Bought a scroll labeled TEZIESA UBLU for 26 gold pieces
  3371 | D:5      | Bought a yellow potion for 23 gold pieces
  3371 | D:5      | Bought a scroll labeled DADIBR ESHROON for 26 gold pieces
  3498 | D:5      | Noticed HungrySpirit's ghost (novice TrSk)
  3778 | D:5      | Noticed Menkaure
  3794 | D:5      | Killed Menkaure
  3794 | D:5      | Reached skill level 10 in Long Blades
  3794 | D:5      | Reached XP level 8. HP: 36/64 MP: 3/7
  3848 | D:5      | Noticed Sigmund
  4104 | D:5      | Killed Sigmund
  4104 | D:5      | Reached skill level 7 in Armour
  4414 | D:5      | Reached skill level 11 in Long Blades
  4907 | D:6      | Reached skill level 8 in Armour
  5239 | D:6      | Noticed Eustachio
  5257 | D:6      | Killed Eustachio
  5328 | D:6      | Reached XP level 9. HP: 70/70 MP: 8/8
  5607 | D:7      | Found a staircase to the Ecumenical Temple.
  5633 | Temple   | Entered the Ecumenical Temple
  5879 | Temple   | Became a worshipper of the Shining One
  6068 | D:8      | Found a basalt altar of Yredelemnul.
  6104 | D:8      | Reached skill level 12 in Long Blades
  6329 | D:8      | Reached skill level 9 in Armour
  6629 | D:8      | Found a staircase to the Lair.
  6629 | D:8      | Noticed a komodo dragon
  6645 | D:8      | Killed a komodo dragon
  6645 | D:8      | Reached skill level 13 in Long Blades
  6928 | D:8      | Reached skill level 10 in Armour
  7098 | D:8      | Found a sparkling altar of Nemelex Xobeh.
  7146 | D:8      | Noticed Joseph
  7261 | D:8      | Killed Joseph
  7261 | D:8      | Reached XP level 10. HP: 71/77 MP: 6/9
  7532 | Lair:1   | Entered Level 1 of the Lair of Beasts
  7624 | Lair:1   | Reached skill level 14 in Long Blades
  7862 | Lair:1   | Reached skill level 11 in Armour
  8090 | Lair:1   | Reached skill level 15 in Long Blades
  8111 | Lair:1   | Noticed a spiny frog
  8111 | Lair:1   | Reached * piety under the Shining One
  8122 | Lair:1   | Killed a spiny frog
  8122 | Lair:1   | Reached skill level 4 in Fighting
  8358 | Lair:2   | Reached skill level 5 in Fighting
  8611 | Lair:2   | Reached skill level 6 in Fighting
  8611 | Lair:2   | Reached skill level 12 in Armour
  8617 | Lair:2   | Reached XP level 11. HP: 49/89 MP: 6/10
  8805 | Lair:2   | Noticed baljet's ghost (journeyman VSAs)
  9427 | Lair:2   | Reached skill level 7 in Fighting
  9532 | Lair:2   | Killed baljet's ghost
  9745 | Lair:2   | Noticed a death yak
  9750 | Lair:2   | Noticed a death yak
  9751 | Lair:2   | Noticed a death yak
  9751 | Lair:2   | Noticed a death yak
  9753 | Lair:2   | Noticed a death yak
  9755 | Lair:2   | Noticed a death yak
  9757 | Lair:2   | Killed a death yak
  9984 | Lair:2   | Reached skill level 8 in Fighting
 10060 | Lair:2   | Killed a death yak
 10060 | Lair:2   | Reached skill level 13 in Armour
 10293 | Lair:2   | Killed a death yak
 10313 | Lair:1   | Killed a death yak
 10313 | Lair:1   | Reached skill level 9 in Fighting
 10453 | Lair:1   | Killed a death yak
 10585 | Lair:2   | HP: 24/97 [death yak (17)]
 10587 | Lair:2   | Killed a death yak
 10817 | Lair:2   | Reached ** piety under the Shining One
 10949 | Lair:1   | Reached skill level 10 in Fighting
 10958 | Lair:2   | Reached skill level 14 in Armour
 11210 | Lair:3   | Found a hole to the Spider Nest.
 11221 | Lair:3   | Reached XP level 12. HP: 100/107 MP: 11/11
 11284 | Lair:3   | Found an opulent altar of Gozag.
 11547 | Lair:3   | Reached skill level 11 in Fighting
 12167 | Lair:4   | Reached skill level 15 in Armour
 12222 | Lair:4   | Got a transparent falchion
 12223 | Lair:4   | Identified the cursed +1 falchion "Docwuoju" {slice, rPois rN+ Int+6 Dex-4} (You found it on level 4 of the Lair of Beasts)
 12384 | Lair:4   | Reached skill level 12 in Fighting
 12707 | Lair:4   | Found a staircase to the Shoals.
 12744 | Lair:4   | Reached skill level 1 in Invocations
 12895 | Lair:4   | Got a pair of warped gloves
 12901 | Lair:4   | Identified the +1 pair of gloves of Circular Logic {MR+ Dex+2} (You found it on level 4 of the Lair of Beasts)
 13001 | Lair:4   | Reached skill level 2 in Invocations
 13902 | Lair:4   | Noticed an ice dragon
 13939 | Lair:4   | Killed an ice dragon
 13939 | Lair:4   | Reached skill level 3 in Invocations
 14075 | Lair:4   | Reached skill level 16 in Armour
 14123 | Lair:4   | Reached skill level 13 in Fighting
 14161 | Lair:3   | Noticed a seven-headed hydra
 14179 | Lair:3   | Killed a seven-headed hydra
 14179 | Lair:3   | Reached XP level 13. HP: 80/122 MP: 10/14
 14230 | Lair:1   | Identified a scroll of acquirement
 14458 | Lair:4   | HP: 35/122 [poisoned by a spiny frog]
 14463 | Lair:4   | HP: 31/122 [poisoned by a spiny frog]
 14468 | Lair:4   | HP: 27/122 [poisoned by a spiny frog]
 14473 | Lair:4   | HP: 26/122 [poisoned by a spiny frog]
 14480 | Lair:4   | HP: 25/122 [poisoned by a spiny frog]
 14487 | Lair:4   | HP: 25/122 [poisoned by a spiny frog]
 14495 | Lair:4   | HP: 25/122 [poisoned by a spiny frog]
 14865 | Lair:5   | Reached skill level 4 in Invocations
 15021 | Lair:5   | Reached *** piety under the Shining One
 15087 | Lair:5   | HP: 36/122 [boulder beetle (21)]
 15476 | Lair:5   | Reached skill level 1 in Dodging
 15510 | Lair:5   | Reached skill level 2 in Dodging
 15743 | Lair:5   | Noticed Josephine
 15747 | Lair:5   | Killed Josephine
 16402 | Lair:6   | Noticed Maud
 16420 | Lair:6   | Killed Maud
 16420 | Lair:6   | Reached skill level 16 in Long Blades
 16420 | Lair:6   | Reached skill level 3 in Dodging
 16912 | Lair:6   | Reached skill level 4 in Dodging
 16985 | Lair:6   | Reached skill level 14 in Fighting
 17170 | Lair:6   | Reached **** piety under the Shining One
 17491 | Lair:6   | Reached skill level 5 in Dodging
 17520 | Lair:6   | Reached XP level 14. HP: 97/132 MP: 9/16
 17886 | Lair:7   | Reached skill level 17 in Long Blades
 18188 | Lair:7   | Found a viscous altar of Jiyva.
 18189 | Lair:7   | Found a staircase to the Slime Pits.
 18893 | Lair:8   | Entered Level 8 of the Lair of Beasts
 19057 | Lair:8   | Reached skill level 6 in Dodging
 19332 | Lair:8   | Reached skill level 15 in Fighting
 19482 | Lair:8   | Reached skill level 18 in Long Blades
 19547 | Lair:8   | Found a runed door.
 19555 | Lair:8   | Reached skill level 7 in Dodging
 19667 | Lair:8   | Reached skill level 1 in Evocations
 19764 | Lair:8   | Reached skill level 2 in Evocations
 20428 | Lair:8   | Reached skill level 3 in Evocations
 20434 | Lair:8   | Reached skill level 8 in Dodging
 20842 | Lair:8   | Reached ***** piety under the Shining One
 21332 | D:7      | Noticed Crazy Yiuf
 21334 | D:7      | Killed Crazy Yiuf
 21655 | D:9      | Noticed Grum
 21663 | D:9      | Killed Grum
 21738 | D:9      | Found Nehyud's Book Emporium.
 21759 | D:9      | Reached skill level 4 in Evocations
 22274 | D:7      | Noticed Pikel
 22286 | D:7      | Killed Pikel
 22399 | D:9      | Noticed Prince Ribbit
 22404 | D:9      | Killed Prince Ribbit
 22883 | D:10     | Entered Level 10 of the Dungeon
 23288 | D:10     | Reached skill level 9 in Dodging
 23340 | D:10     | Found Loaplus's Antique Armour Shop.
 23345 | D:10     | Reached XP level 15. HP: 109/141 MP: 17/17
 23373 | D:10     | Bought a runed plate armour for 575 gold pieces
 23883 | D:11     | Reached skill level 5 in Evocations
 23982 | D:11     | Found a staircase to the Orcish Mines.
 24670 | Orc:1    | Entered Level 1 of the Orcish Mines
 24722 | Orc:2    | Entered Level 2 of the Orcish Mines
 24731 | Orc:2    | Found Xerergh's Distillery.
 24792 | Orc:1    | Found a frozen archway.
 24848 | IceCv    | Entered an ice cave
 24875 | IceCv    | Reached skill level 10 in Dodging
 24940 | IceCv    | Reached ****** piety under the Shining One
 25007 | IceCv    | Reached skill level 6 in Evocations
 25175 | IceCv    | Got a twisted robe
 25181 | IceCv    | Got a distressingly furry chain mail
 25208 | IceCv    | Identified the +6 chain mail of Absolutism {Str+4 Stlth-} (You found it in an ice cave)
 25277 | Orc:1    | Noticed Erolcha
 25282 | Orc:1    | Killed Erolcha
 25404 | Orc:1    | Noticed Erica
 25410 | Orc:1    | Killed Erica
 25757 | Orc:2    | Bought a potion of curing for 45 gold pieces
 25757 | Orc:2    | Bought 2 potions of curing for 90 gold pieces
 25757 | Orc:2    | Bought a potion of curing for 45 gold pieces
 25757 | Orc:2    | Bought a potion of cancellation for 120 gold pieces
 25830 | Orc:1    | Reached skill level 5 in Invocations
 25957 | Orc:1    | Noticed an orc warlord
 25970 | Orc:1    | Killed an orc warlord
 25970 | Orc:1    | Reached skill level 7 in Evocations
 26078 | Orc:2    | Found a staircase to the Elven Halls.
 26080 | Orc:2    | Found Ayatig's Alliterative Accessories.
 26280 | Orc:2    | Noticed an orc warlord
 26303 | Orc:2    | Killed an orc warlord
 26532 | Orc:2    | Reached skill level 6 in Invocations
 26599 | Orc:2    | Found Ihotow's Antique Armour Emporium.
 26599 | Orc:2    | Found Ahopsigh's Distillery.
 26599 | Orc:2    | Found Nulah's Book Shoppe.
 26713 | Orc:2    | Found Heudd's Book Shoppe.
 26752 | Orc:2    | Bought a faintly humming plate armour for 532 gold pieces
 26752 | Orc:2    | Bought a pair of runed boots for 85 gold pieces
 26788 | Orc:2    | Identified the +8 plate armour "Ekepreca" {MR+ Str+4} (You bought it in a shop on level 2 of the Orcish Mines)
 27193 | D:12     | Identified the Collected Works on the Blaze (You found it on level 12 of the Dungeon)
 27236 | D:12     | Reached skill level 8 in Evocations
 27297 | D:12     | Noticed Sonja
 27306 | D:12     | Killed Sonja
 27320 | D:12     | Got a brightly glowing amber ring
 27356 | D:12     | Reached skill level 7 in Invocations
 27381 | D:12     | Identified the ring "Tiasimy" {-Tele rElec rPois rC- MR+ Int+7} (You found it on level 12 of the Dungeon)
 28168 | D:13     | Found Totobru's General Store.
 28202 | D:13     | --Woah +1 3-sword of holy wrath!
 28524 | D:14     | Reached skill level 8 in Invocations
 28524 | D:14     | Reached skill level 9 in Evocations
 28546 | D:14     | Reached XP level 16. HP: 133/149 MP: 21/21
 28617 | D:14     | Found a gate to the Vaults.
 29219 | D:14     | Reached skill level 9 in Invocations
 29356 | D:15     | Entered Level 15 of the Dungeon
 29542 | D:15     | Reached skill level 10 in Evocations
 29888 | D:15     | Found a staircase to the Depths.
 30227 | Spider:1 | Entered Level 1 of the Spider Nest
 30243 | Spider:1 | Reached skill level 10 in Invocations
 30868 | Spider:2 | Reached skill level 19 in Long Blades
 31954 | Spider:2 | Reached skill level 11 in Invocations
 32215 | Spider:3 | Reached XP level 17. HP: 156/156 MP: 24/24
 32621 | Spider:3 | Reached skill level 20 in Long Blades
 33264 | Spider:4 | Entered Level 4 of the Spider Nest
 33597 | Spider:3 | HP: 46/156 [poisoned by an emperor scorpion]
 33602 | Spider:3 | HP: 41/156 [poisoned by an emperor scorpion]
 33607 | Spider:3 | HP: 39/156 [poisoned by an emperor scorpion]
 33612 | Spider:3 | HP: 38/156 [poisoned by an emperor scorpion]
 33618 | Spider:3 | HP: 37/156 [poisoned by an emperor scorpion]
 33626 | Spider:3 | HP: 38/156 [poisoned by an emperor scorpion]
 33634 | Spider:3 | HP: 39/156 [poisoned by an emperor scorpion]
 34293 | Spider:4 | Reached skill level 12 in Invocations
 34454 | Spider:4 | Reached skill level 21 in Long Blades
 35170 | Spider:4 | Reached skill level 11 in Dodging
 35292 | Spider:4 | Got a gossamer rune of Zot
 35622 | Shoals:1 | Entered Level 1 of the Shoals
 35643 | Shoals:1 | Found Lifoed's Distillery.
 35675 | Shoals:1 | Bought a potion of curing for 39 gold pieces
 35675 | Shoals:1 | Bought a potion of might for 52 gold pieces
 35675 | Shoals:1 | Bought a potion of curing for 39 gold pieces
 35675 | Shoals:1 | Bought a potion of heal wounds for 65 gold pieces
 35675 | Shoals:1 | Bought a potion of mutation for 32 gold pieces
 35725 | Shoals:1 | HP: 43/156 [merfolk/trident (9)]
 36138 | Shoals:1 | Noticed a kraken
 36145 | Shoals:1 | HP: 35/156 [something/ball of steam (26)]
 36156 | Shoals:1 | HP: 46/156 [something/ball of steam (2)]
 36163 | Shoals:1 | HP: 27/156 [merfolk aquamancer/shard of ice (22)]
 36176 | Shoals:1 | HP: 29/156 [sea snake (3)]
 36185 | Lair:4   | HP: 31/156 [crocodile (1)]
 36767 | Shoals:1 | Reached XP level 18. HP: 133/163 MP: 24/26
 37198 | Shoals:2 | Reached skill level 22 in Long Blades
 37318 | Shoals:2 | Noticed Aizul
 37337 | Shoals:2 | Killed Aizul
 37608 | Shoals:2 | Noticed Donald
 37617 | Shoals:2 | Killed Donald
 37740 | Shoals:2 | Reached skill level 12 in Dodging
 38496 | Shoals:2 | Noticed Polyphemus
 38865 | Shoals:1 | Killed Polyphemus
 39581 | Shoals:3 | Found Vaqax's Assorted Antiques.
 39613 | Shoals:3 | Bought an embroidered cloak for 121 gold pieces
 40317 | Shoals:3 | Reached skill level 23 in Long Blades
 41141 | Orc:2    | Bought a manual of Armour for 1435 gold pieces
 41190 | Orc:2    | Bought a potion of cancellation for 104 gold pieces
 41521 | Shoals:4 | Entered Level 4 of the Shoals
 41834 | Shoals:4 | HP: 48/163 [poisoned by a sea snake]
 41840 | Shoals:4 | HP: 47/163 [poisoned by a sea snake]
 41847 | Shoals:4 | HP: 46/163 [poisoned by a sea snake]
 41854 | Shoals:4 | HP: 47/163 [poisoned by a sea snake]
 41862 | Shoals:4 | HP: 48/163 [poisoned by a sea snake]
 42187 | Shoals:4 | Got a warped ivory ring
 42809 | Shoals:4 | Reached skill level 17 in Armour
 43059 | Shoals:3 | HP: 46/163 [satyr/arrow (27)]
 43117 | Shoals:4 | HP: 48/163 [poisoned by a siren]
 43123 | Shoals:4 | HP: 48/163 [poisoned by a siren]
 43129 | Shoals:4 | HP: 48/163 [poisoned by a siren]
 43615 | Shoals:4 | Found Reatwey's Antique Weapon Boutique.
 44135 | Shoals:4 | Noticed Ilsuiw
 44165 | Shoals:4 | Killed Ilsuiw
 44608 | Shoals:3 | Reached XP level 19. HP: 129/170 MP: 24/27
 44651 | Shoals:3 | HP: 49/170 [tentacle[a kraken] (8)]
 44656 | Shoals:3 | HP: 35/170 [tentacle[a kraken] (4)]
 45725 | Shoals:3 | Reached skill level 18 in Armour
 46042 | Shoals:4 | Got a barnacled rune of Zot
 46076 | Shoals:4 | Reached skill level 24 in Long Blades
 46662 | Lair:1   | Identified the ring "Anorphoop" {+Fly Str+3} (You took it off a merfolk impaler on level 4 of the Shoals)
 46826 | Vaults:1 | Entered Level 1 of the Vaults
 46981 | Vaults:1 | Reached skill level 1 in Throwing
 47420 | Vaults:1 | Reached skill level 2 in Throwing
 47434 | Vaults:1 | Reached skill level 19 in Armour
 47486 | Vaults:1 | Reached skill level 3 in Throwing
 47687 | Vaults:1 | Noticed Asterion
 47696 | Vaults:1 | Killed Asterion
 47696 | Vaults:1 | Reached skill level 4 in Throwing
 47902 | Vaults:1 | Reached skill level 5 in Throwing
 48017 | Vaults:1 | Reached skill level 20 in Armour
 48591 | Vaults:2 | Reached skill level 6 in Throwing
 49198 | Vaults:2 | Reached skill level 21 in Armour
 49201 | Vaults:2 | Reached skill level 7 in Throwing
 49697 | Vaults:2 | Noticed Mara
 49720 | Vaults:2 | Killed Mara
 49720 | Vaults:2 | Reached skill level 8 in Throwing
 49720 | Vaults:2 | Reached XP level 20. HP: 142/178 MP: 28/28
 50713 | Vaults:3 | Reached skill level 9 in Throwing
 50770 | Vaults:3 | Found a staircase to the Crypt.
 50770 | Vaults:3 | Found a basalt altar of Yredelemnul.
 50771 | Vaults:3 | Found an ancient bone altar of Kikubaaqudgha.
 51175 | Vaults:3 | Reached skill level 22 in Armour
 51214 | Vaults:3 | Reached skill level 10 in Throwing
 51284 | Vaults:3 | Reached skill level 13 in Dodging
 51879 | Vaults:4 | Found Xerecin's Antique Armour Shop.
 52597 | Vaults:4 | Found Howohoz's General Store.
 52674 | Vaults:4 | Reached skill level 14 in Dodging
 52849 | Vaults:4 | Got a ring of the Octopus King
 52851 | Vaults:4 | Identified a ring of the Octopus King {AC+1 EV+1 Str+1 Int+1 Dex+1 Stlth+} (You found it on level 4 of the Vaults)
 53368 | Vaults:4 | HP: 50/180 [vault warden/battleaxe of flaming (5)]
 53376 | Vaults:4 | HP: 33/180 [yaktaur/bolt (14)]
 53913 | Vaults:4 | Found a portal to a secret trove of treasure.
 54214 | Vaults:1 | Reached skill level 16 in Fighting
 54414 | Crypt:1  | Entered Level 1 of the Crypt
 54414 | Crypt:1  | Noticed Sojobo
 54434 | Vaults:3 | Killed Sojobo
 54434 | Vaults:3 | Reached skill level 15 in Dodging
 54523 | Crypt:1  | Reached XP level 21. HP: 188/188 MP: 29/29
 55301 | Crypt:1  | Reached skill level 16 in Dodging
 55533 | Crypt:1  | Noticed a greater mummy
 55544 | Crypt:1  | Killed a greater mummy
 55774 | Crypt:2  | Reached skill level 17 in Fighting
 55858 | Crypt:2  | Noticed a greater mummy
 55861 | Crypt:2  | Noticed Khufu
 55883 | Crypt:2  | Killed a greater mummy
 55900 | Crypt:2  | Killed Khufu
 55900 | Crypt:2  | Reached skill level 17 in Dodging
 55903 | Crypt:2  | Noticed a greater mummy
 55916 | Crypt:2  | HP: 51/191 [greater mummy[Khufu] (17)]
 55918 | Crypt:2  | HP: 23/286 [???[Khufu] (9)]
 55920 | Crypt:2  | Killed a greater mummy
 55923 | Crypt:2  | HP: 17/288 [poisoned by a reaper]
 55925 | Crypt:2  | HP: 8/192 [poisoned by a reaper]
 55930 | Crypt:2  | HP: 29/192 [reaper/scythe of venom[Khufu's death curse] (1)]
 55931 | Crypt:2  | HP: 14/192 [reaper/scythe of venom[Khufu's death curse] (15)]
 56957 | Shoals:3 | Bought a scroll of recharging for 256 gold pieces
 57927 | Crypt:3  | Entered Level 3 of the Crypt
 58181 | Crypt:3  | Reached skill level 18 in Dodging
 58422 | Crypt:3  | Learned a level 3 spell: Spectral Weapon
 58543 | Crypt:3  | Reached XP level 22. HP: 201/201 MP: 30/30
 58654 | Crypt:3  | Found a staircase to the Tomb.
 58685 | Crypt:3  | Got a brightly glowing pewter amulet
 58685 | Crypt:3  | Got a brightly glowing iron ring
 58685 | Crypt:3  | Got a transparent brass ring
 58704 | Crypt:3  | Identified the amulet "Ylotiax" {rN+++ Regen+ Int-4 SInv Stlth+} (You found it on level 3 of the Crypt)
 58705 | Crypt:3  | Identified the ring "Ugaenaci" {*Confuse rC+ rN+ Str+2 Dex+5} (You found it on level 3 of the Crypt)
 58706 | Crypt:3  | Identified the ring of Polytheism {rElec rN+ MR++ Str+2 Int-5} (You found it on level 3 of the Crypt)
 58707 | Crypt:3  | Noticed an ancient lich
 58726 | Crypt:3  | Killed an ancient lich
 58726 | Crypt:3  | Reached skill level 18 in Fighting
 59626 | Crypt:3  | Noticed Margery
 59650 | Crypt:3  | Killed Margery
 60030 | Crypt:3  | Found an ancient bone altar of Kikubaaqudgha.
 60045 | Crypt:3  | Reached skill level 19 in Dodging
 60141 | Crypt:3  | Learned a level 2 spell: Repel Missiles
 60144 | Crypt:3  | Learned a level 2 spell: Swiftness
 61606 | Lair:1   | Learned a level 1 spell: Apportation
 61683 | D:5      | Bought the +2 hat of the High Council {Archmagi, Wiz- Stlth-} for 1159 gold pieces
 62054 | Vaults:4 | You paid a toll of the hat of the High Council to enter a treasure trove
 62055 | Trove    | Entered a treasure trove
 62120 | Trove    | Got a pitted ivory amulet
 62124 | Trove    | Got a vibrating zirconium amulet
 62144 | Trove    | Identified Qeullut's Volume of Creative Bewitchment
 62150 | Trove    | Identified Sif Muna's Grimoire of Dark Summoning
 62155 | Trove    | Identified the amulet "Sumearikh" {rF- rC+ Regen+ Str+5 Dex-2} (You found it in a treasure trove)
 62156 | Trove    | Identified the amulet "Igubej" {Spirit rF+ SInv} (You found it in a treasure trove)
 62776 | Elf:1    | Entered Level 1 of the Elven Halls
 62806 | Elf:1    | Found Coynk's Antique Weapon Shoppe.
 62852 | Elf:1    | Found a magical portal.
 62936 | WizLab   | Entered Doroklohe's Tomb
 63771 | Elf:1    | Reached skill level 19 in Fighting
 63883 | Elf:1    | Noticed Kirke
 63895 | Elf:1    | Killed Kirke
 63938 | Elf:1    | Reached skill level 20 in Dodging
 63985 | Elf:1    | Bought a steaming great sword for 448 gold pieces
 63987 | Elf:1    | Identified the +6 great sword "Botwitt" {slice, *Confuse MR- MP+9 Int+8} (You bought it in a shop on level 1 of the Elven Halls)
 64328 | Elf:1    | Got a twitching jade ring
 64957 | Lair:1   | Identified the ring of Fosinul {+Blink MR+ Str+6} (You found it on level 1 of the Elven Halls)
 65240 | Elf:2    | Noticed Frances
 65251 | Elf:2    | Killed Frances
 65457 | Elf:2    | Found a runed gate.
 65457 | Elf:2    | Found a runed gate.
 65457 | Elf:2    | Found Cokasharr's Distillery.
 65463 | Elf:2    | Found a runed gate.
 65498 | Elf:2    | Bought a potion of heal wounds for 60 gold pieces
 65713 | Elf:2    | Reached XP level 23. HP: 198/213 MP: 31/31
 66095 | Elf:2    | Reached skill level 21 in Dodging
 66615 | Elf:3    | Entered Level 3 of the Elven Halls
 67340 | Elf:3    | Reached skill level 20 in Fighting
 67341 | Elf:3    | Noticed Nikola
 67675 | Lair:1   | Got a crude shield
 67684 | Lair:1   | Identified the +1 shield of the Locust {rC+ rCorr Dex+2 Stlth+} (You acquired it on level 1 of the Lair of Beasts)
 68700 | Elf:3    | Got a distressingly furry ring mail
 68711 | Elf:3    | Identified the +0 ring mail of Leapfrog {rElec rPois Regen+ Int-4} (You found it on level 3 of the Elven Halls)
 69306 | Depths:1 | Entered Level 1 of the Depths
 69324 | Depths:1 | Reached skill level 22 in Dodging
 69402 | Depths:1 | Found a gateway to Hell.
 69408 | Depths:1 | Reached skill level 1 in Charms
 69567 | Depths:1 | Found a one-way gate leading to the halls of Pandemonium.
 69723 | Depths:1 | Noticed Jorgrun
 69731 | Depths:1 | Killed Jorgrun
 69731 | Depths:1 | Reached skill level 1 in Spellcasting
 69797 | Depths:1 | Reached skill level 2 in Charms
 69827 | Depths:1 | Found a sparkling altar of Nemelex Xobeh.
 70108 | Depths:2 | Reached skill level 3 in Charms
 70119 | Depths:2 | Noticed Saint Roka
 70131 | Depths:2 | Reached skill level 2 in Spellcasting
 70396 | Depths:2 | Found Ydexzor's General Store.
 70716 | Depths:2 | Killed Saint Roka
 70822 | Depths:2 | Reached skill level 4 in Charms
 71221 | Depths:2 | Reached skill level 3 in Spellcasting
 71221 | Depths:2 | Reached XP level 24. HP: 226/226 MP: 31/31
 71569 | Depths:2 | Reached skill level 21 in Fighting
 71768 | Depths:3 | Reached skill level 1 in Hexes
 71774 | Depths:3 | Reached skill level 5 in Charms
 71784 | Depths:3 | Reached skill level 1 in Air Magic
 71875 | Depths:3 | Found Sazuaprif's Book Shop.
 72061 | Depths:3 | Reached skill level 2 in Air Magic
 72087 | Depths:3 | Reached skill level 2 in Hexes
 72430 | Depths:3 | Identified the Papyrus of Gliding Ignition
 73072 | Depths:4 | Reached skill level 3 in Air Magic
 73115 | Depths:4 | Reached skill level 4 in Spellcasting
 73213 | Depths:4 | Noticed Frederick
 73221 | Depths:4 | Killed Frederick
 73221 | Depths:4 | Reached skill level 3 in Hexes
 73291 | Depths:4 | Found a gateway to a ziggurat.
 73323 | Depths:4 | Reached skill level 6 in Charms
 73689 | Depths:4 | Reached skill level 4 in Air Magic
 73811 | Depths:4 | Noticed the Enchantress
 73845 | Depths:4 | Killed the Enchantress
 73845 | Depths:4 | Reached skill level 4 in Hexes
 73848 | Depths:4 | Got a faerie dragon armour
 73899 | Depths:4 | Got a glittering copper ring
 73920 | Depths:4 | Identified the ring of Amuymi {+Inv rC- EV+1 Str+6 SInv} (You found it on level 4 of the Depths)
 73933 | Depths:4 | Identified the +1 faerie dragon armour {+Inv rF+ Str-4} (You took it off the Enchantress on level 4 of the Depths)
 73998 | Depths:4 | Found a one-way gate to the infinite horrors of the Abyss.
 74165 | Depths:5 | Entered Level 5 of the Depths
 74661 | Depths:5 | Reached skill level 5 in Air Magic
 74662 | Depths:5 | Reached skill level 7 in Charms
 74670 | Depths:5 | Reached skill level 5 in Spellcasting
 74965 | Depths:5 | Reached skill level 5 in Hexes
 74972 | Depths:5 | Reached XP level 25. HP: 227/235 MP: 30/31
 75187 | Depths:5 | Paralysed by a giant eyeball for 3 turns
 75208 | Depths:5 | Noticed a juggernaut
 75681 | Depths:5 | Reached skill level 6 in Air Magic
 75866 | Depths:5 | Killed a juggernaut
 75869 | Depths:5 | Reached skill level 8 in Charms
 75904 | Depths:5 | Found a gate to the Realm of Zot.
 75919 | Depths:5 | Paralysed by a giant eyeball for 4 turns
 75934 | Depths:5 | Reached skill level 6 in Hexes
 77040 | Vaults:5 | Entered Level 5 of the Vaults
 77085 | Vaults:4 | Reached skill level 7 in Air Magic
 77328 | Vaults:5 | Reached skill level 6 in Spellcasting
 77402 | Vaults:5 | Got a steaming plate armour
 77410 | Vaults:5 | Identified the cursed +1 plate armour "Zagaip" {Int+2} (You found it on level 5 of the Vaults)
 77671 | Vaults:5 | Reached skill level 7 in Hexes
 77866 | Vaults:5 | Reached skill level 8 in Air Magic
 77931 | Vaults:5 | Reached skill level 9 in Charms
 78223 | Vaults:5 | Reached XP level 26. HP: 244/244 MP: 32/32
 78226 | Vaults:5 | Reached skill level 8 in Hexes
 78819 | Vaults:5 | Reached skill level 7 in Spellcasting
 79048 | Vaults:5 | Found Nyazun's Antique Weapon Shop.
 79071 | Vaults:5 | Got a silver rune of Zot
 79415 | Vaults:5 | Reached skill level 10 in Charms
 79466 | Vaults:5 | Learned a level 2 spell: Blink
 79470 | Vaults:5 | Learned a level 3 spell: Portal Projectile
 79508 | Vaults:5 | Reached skill level 9 in Hexes
 79672 | Vaults:5 | Got a sparkling glass ring
 79710 | Vaults:5 | Reached skill level 1 in Translocations
 79766 | Vaults:4 | Identified the ring of Brilliance {+Fly rPois Str+3 Slay+2} (You took it off a vault guard on level 5 of the Vaults)
 80128 | Lair:1   | Reached skill level 2 in Translocations
 80447 | Vaults:4 | Bought a pearl dragon armour for 2300 gold pieces
 80903 | Slime:1  | Entered Level 1 of the Pits of Slime
 81262 | Slime:1  | Gained mutation: You tend to lose your temper in combat. [a shining eye]
 81343 | Slime:1  | Gained mutation: You often lose your temper in combat. [a shining eye]
 81560 | Slime:2  | Reached skill level 3 in Translocations
 81720 | Slime:6  | Entered Level 6 of the Pits of Slime
 81760 | Slime:6  | Reached skill level 4 in Translocations
 81894 | Slime:6  | Reached skill level 8 in Spellcasting
 81905 | Slime:6  | Reached skill level 5 in Translocations
 82176 | Slime:6  | Gained mutation: You have supernaturally acute eyesight. [a shining eye]
 82186 | Slime:6  | Reached skill level 6 in Translocations
 82287 | Slime:6  | Found a viscous altar of Jiyva.
 82337 | Slime:6  | Noticed the Royal Jelly
 82354 | Slime:6  | Killed the Royal Jelly
 82415 | Slime:6  | Got a slimy rune of Zot
 82456 | Slime:6  | Learned a level 1 spell: Summon Butterflies
 83296 | Lair:1   | Lost mutation: You often lose your temper in combat. [potion of cure mutation]
 83296 | Lair:1   | Lost mutation: You tend to lose your temper in combat. [potion of cure mutation]
 83307 | Lair:1   | Got a faintly humming plate armour
 83318 | Lair:1   | Identified the +6 plate armour of Demons {rPois rN++ MR-} (You acquired it on level 1 of the Lair of Beasts)
 83329 | Lair:1   | Got a fine shield
 83544 | Orc:2    | Bought a book of Enchantments for 850 gold pieces
 83551 | Orc:2    | Learned a level 6 spell: Haste
 83924 | Pan      | Entered Pandemonium
 83931 | Pan      | Reached skill level 7 in Translocations
 83932 | Pan      | Noticed Plog the pandemonium lord
 83947 | Pan      | Killed Plog the pandemonium lord
 84312 | Pan      | Found an exit through the horrors of the Abyss.
 84410 | Pan      | Took an exit into the Abyss.
 84410 | Abyss:1  | Escaped into the Abyss
 84446 | Abyss:1  | Paralysed by accursed screaming for 1 turns
 84494 | Abyss:1  | Reached skill level 1 in Stealth
 84588 | Abyss:2  | Found a corrupted altar of Lugonu.
 84664 | Abyss:2  | Reached skill level 2 in Stealth
 84877 | Abyss:2  | Reached XP level 27. HP: 250/250 MP: 34/34
 84893 | Abyss:2  | Reached skill level 3 in Stealth
 84901 | Abyss:2  | Reached skill level 8 in Translocations
 84940 | Abyss:2  | Found a corrupted altar of Lugonu.
 85005 | Abyss:3  | Reached skill level 4 in Stealth
 85086 | Abyss:3  | Reached skill level 5 in Stealth
 85143 | Abyss:3  | Noticed an ancient lich
 85151 | Abyss:3  | Killed an ancient lich
 85151 | Abyss:3  | Reached skill level 6 in Stealth
 85327 | Abyss:3  | Reached skill level 7 in Stealth
 85327 | Abyss:3  | Reached skill level 1 in Summonings
 85385 | Abyss:3  | Reached skill level 2 in Summonings
 85402 | Abyss:3  | Reached skill level 8 in Stealth
 85502 | Abyss:3  | Reached skill level 3 in Summonings
 85638 | Abyss:3  | Reached skill level 9 in Stealth
 85782 | Abyss:3  | Paralysed by accursed screaming for 1 turns
 85792 | Abyss:3  | Paralysed by accursed screaming for 1 turns
 86042 | Abyss:4  | Reached skill level 4 in Summonings
 86091 | Abyss:4  | Reached skill level 10 in Stealth
 86178 | Abyss:4  | Identified Maniutaq's Reference Book on Poison and Confrontation (You found it on level 4 of the Abyss)
 86259 | Abyss:4  | Found an ancient bone altar of Kikubaaqudgha.
 86321 | Abyss:5  | Entered Level 5 of the Abyss
 86411 | Abyss:5  | Paralysed by accursed screaming for 1 turns
 86424 | Abyss:5  | Paralysed by accursed screaming for 2 turns
 86547 | Abyss:5  | Reached skill level 5 in Summonings
 86559 | Abyss:5  | Reached skill level 11 in Stealth
 86911 | Abyss:5  | Reached skill level 6 in Summonings
 86948 | Depths:1 | Escaped the Abyss
 87068 | Pan      | Entered Pandemonium
 87075 | Pan      | Noticed Peitob the pandemonium lord
 87078 | Pan      | Reached skill level 12 in Stealth
 87088 | Depths:1 | Escaped Pandemonium
 87346 | Pan      | Entered Pandemonium
 87471 | Pan      | Noticed Bocozef the pandemonium lord
 87487 | Pan      | Gained mutation: You are clumsy. (Dex -2) [a cacodemon]
 87507 | Pan      | HP: 70/250 [???[Bocozef] (34)]
 87509 | Pan      | Killed Bocozef the pandemonium lord
 87526 | Pan      | HP: 62/250 [balrug/divine providence (14)]
 87555 | Pan      | Found an exit through the horrors of the Abyss.
 88095 | Pan      | Gained mutation: You have sharp toenails. [a cacodemon]
 88187 | Pan      | Noticed Teribaoc the pandemonium lord
 88199 | Pan      | Killed Teribaoc the pandemonium lord
 88201 | Pan      | Reached skill level 11 in Charms
 88335 | Pan      | Found an exit through the horrors of the Abyss.
 88542 | Pan      | Found an exit through the horrors of the Abyss.
 88601 | Pan      | Noticed Sustynlu the pandemonium lord
 88747 | Pan      | HP: 54/250 [Sustynlu the pandemonium lord/crystal spear (48)]
 88749 | Pan      | Killed Sustynlu the pandemonium lord
 89050 | Pan      | Got a demonic rune of Zot
 89168 | Pan      | HP: 63/250 [??? (24)]
 89172 | Pan      | Reached skill level 12 in Charms
 89173 | Pan      | HP: 63/250 [??? (24)]
 89391 | Pan      | Found an exit through the horrors of the Abyss.
 89404 | Pan      | Gained mutation: You are weak. (Str -2) [a neqoxec]
 89825 | Pan      | Entered the realm of Cerebov.
 89985 | Pan      | Found an exit through the horrors of the Abyss.
 90176 | Pan      | HP: 71/250 [balrug/divine providence (14)]
 90182 | Pan      | HP: 70/250 [balrug/fireball (10)]
 90460 | Pan      | Reached skill level 13 in Charms
 90482 | Pan      | Got a shimmering ruby amulet
 90483 | Pan      | Identified the amulet of Istu {Inacc rPois} (You found it in Pandemonium)
 90557 | Pan      | Identified a +4 rod of ignition (14/14) {!a} (You took it off a balrug in Pandemonium)
 90561 | Pan      | Got a crude golden ring
 90562 | Pan      | Identified the ring of Eternal Night {rF+ EV+1} (You took it off a balrug in Pandemonium)
 90695 | Pan      | Noticed Cerebov
 90712 | Pan      | HP: 64/250 [Cerebov/great serpentine sword {flame} (15)]
 90719 | Pan      | HP: 70/250 [Cerebov/great serpentine sword {flame} (10)]
 90744 | Pan      | Killed Cerebov
 90763 | Pan      | Got a fiery rune of Zot
 90952 | Pan      | Took an exit into the Abyss.
 90952 | Abyss:1  | Escaped into the Abyss
 90953 | Abyss:1  | Gained mutation: Your body sometimes deteriorates upon taking damage. [a cacodemon]
 90955 | Abyss:1  | Found a corrupted altar of Lugonu.
 90957 | Abyss:1  | Gained mutation: You expend magic power (3 MP) to strengthen your wands. [a cacodemon]
 90984 | Abyss:1  | Reached skill level 14 in Charms
 90984 | Abyss:1  | Gained mutation: You tend to lose your temper in combat. [a cacodemon]
 91042 | Depths:1 | Escaped the Abyss
 91043 | Depths:1 | Lost mutation: You are weak. (Str -2) [potion of cure mutation]
 91043 | Depths:1 | Lost mutation: You have sharp toenails. [potion of cure mutation]
 91043 | Depths:1 | Lost mutation: You expend magic power (3 MP) to strengthen your wands. [potion of cure mutation]
 91043 | Depths:1 | Lost mutation: You have supernaturally acute eyesight. [potion of cure mutation]
 91043 | Depths:1 | Lost mutation: You tend to lose your temper in combat. [potion of cure mutation]
 91076 | Pan      | Entered Pandemonium
 91076 | Pan      | Found an exit through the horrors of the Abyss.
 91100 | Pan      | Found an exit through the horrors of the Abyss.
 91319 | Pan      | Gained mutation: Armour fits poorly on your strangely shaped body. [a neqoxec]
 91634 | Pan      | Noticed Ashrokeo the pandemonium lord
 91645 | Pan      | Killed Ashrokeo the pandemonium lord
 91778 | Pan      | Reached skill level 15 in Charms
 91848 | Pan      | Found an exit through the horrors of the Abyss.
 91904 | Pan      | Noticed Nutashro the pandemonium lord
 91912 | Pan      | Killed Nutashro the pandemonium lord
 92618 | Pan      | Noticed Lexziac the pandemonium lord
 92632 | Pan      | Killed Lexziac the pandemonium lord
 92646 | Pan      | Reached skill level 16 in Charms
 92890 | Pan      | Found an exit through the horrors of the Abyss.
 92902 | Pan      | Found an exit through the horrors of the Abyss.
 92931 | Pan      | Entered the realm of Mnoleg.
 93317 | Pan      | Gained mutation: Your body often deteriorates upon taking damage. [a neqoxec]
 93323 | Pan      | Gained mutation: You expend magic power (3 MP) to strengthen your wands. [a cacodemon]
 93327 | Pan      | Gained mutation: Your spells are a little easier to cast, but a little less powerful. [a neqoxec]
 93353 | Pan      | Noticed Mnoleg
 93369 | Pan      | Lost mutation: Your spells are a little easier to cast, but a little less powerful. [Mnoleg's mutagenic touch]
 93376 | Pan      | Killed Mnoleg
 93382 | Pan      | Gained mutation: You are frail (-10% HP). [a cacodemon]
 93401 | Pan      | Got a glowing rune of Zot
 93420 | Pan      | Gained mutation: You are occasionally teleported next to monsters. [a cacodemon]
 93421 | Pan      | Gained mutation: Potions and wands are less effective at restoring your health. [a cacodemon]
 93492 | Pan      | Lost mutation: You expend magic power (3 MP) to strengthen your wands. [potion of cure mutation]
 93492 | Pan      | Lost mutation: You are clumsy. (Dex -2) [potion of cure mutation]
 93492 | Pan      | Lost mutation: Armour fits poorly on your strangely shaped body. [potion of cure mutation]
 93492 | Pan      | Lost mutation: Your body often deteriorates upon taking damage. [potion of cure mutation]
 93493 | Pan      | Lost mutation: You are frail (-10% HP). [potion of cure mutation]
 93493 | Pan      | Lost mutation: Your body sometimes deteriorates upon taking damage. [potion of cure mutation]
 93493 | Pan      | Lost mutation: Potions and wands are less effective at restoring your health. [potion of cure mutation]
 93493 | Pan      | Lost mutation: You are occasionally teleported next to monsters. [potion of cure mutation]
 93542 | Pan      | Gained mutation: You are clumsy. (Dex -2) [a cacodemon]
 93561 | Pan      | Entered the realm of Lom Lobon.
 93566 | Pan      | Reached skill level 17 in Charms
 93607 | Pan      | Noticed Lom Lobon
 93642 | Pan      | Killed Lom Lobon
 93703 | Pan      | Got a magical rune of Zot
 94135 | Pan      | Noticed Agelanwenoa the pandemonium lord
 95023 | Pan      | Reached skill level 18 in Charms
 95026 | Pan      | Found a glowing silver altar of Zin.
 95298 | Pan      | Reached skill level 9 in Spellcasting
 95298 | Pan      | Reached skill level 11 in Evocations
 95421 | Pan      | Found an exit through the horrors of the Abyss.
 95477 | Pan      | Noticed Ignacio
 95485 | Pan      | Killed Ignacio
 95485 | Pan      | Reached skill level 12 in Evocations
 95654 | Pan      | Reached skill level 13 in Evocations
 96079 | Pan      | Entered the realm of Gloorx Vloq.
 96205 | Pan      | Found an exit through the horrors of the Abyss.
 96260 | Pan      | Reached skill level 14 in Evocations
 96434 | Pan      | Reached skill level 10 in Spellcasting
 96484 | Pan      | Noticed Gloorx Vloq
 96869 | Pan      | HP: 75/250 [??? (35)]
 96876 | Pan      | HP: 69/250 [Gloorx Vloq (7)]
 96880 | Pan      | Killed Gloorx Vloq
 96901 | Pan      | Got a dark rune of Zot
 97252 | Pan      | Took an exit into the Abyss.
 97252 | Abyss:1  | Escaped into the Abyss
 97264 | Abyss:1  | Noticed an ancient lich
 97269 | Abyss:1  | Killed an ancient lich
 97279 | Depths:1 | Escaped the Abyss
 97579 | Lair:1   | Got a transparent buckler
 97952 | Zot:1    | Entered Level 1 of the Realm of Zot
 98100 | Zot:2    | Reached skill level 22 in Fighting
 98100 | Zot:2    | Reached skill level 11 in Spellcasting
 98375 | Zot:5    | Entered Level 5 of the Realm of Zot
 98647 | Zot:5    | Reached skill level 15 in Evocations
 98650 | Zot:5    | Noticed an ancient lich
 98657 | Zot:5    | Killed an ancient lich
 98671 | Zot:5    | Noticed an ancient lich
 98674 | Zot:5    | Reached skill level 11 in Throwing
 98682 | Zot:5    | Killed an ancient lich
 98690 | Zot:5    | Noticed an orb of fire
 98691 | Zot:5    | Gained mutation: Scrolls take you a little longer to read. [an orb of fire]
 98705 | Zot:5    | Gained mutation: You are frail (-10% HP). [an orb of fire]
 98713 | Zot:5    | Killed an orb of fire
 98724 | Zot:5    | Lost mutation: You are clumsy. (Dex -2) [potion of cure mutation]
 98724 | Zot:5    | Lost mutation: Scrolls take you a little longer to read. [potion of cure mutation]
 98724 | Zot:5    | Lost mutation: You are frail (-10% HP). [potion of cure mutation]
 98725 | Zot:5    | Noticed an orb of fire
 98746 | Zot:5    | Killed an orb of fire
 98781 | Zot:5    | Noticed an ancient lich
 98781 | Zot:5    | Noticed an orb of fire
 98782 | Zot:5    | Noticed an orb of fire
 98783 | Zot:5    | Gained mutation: Your magical capacity is low (-10% MP). [an orb of fire]
 98784 | Zot:5    | Noticed an orb of fire
 98785 | Zot:5    | Gained mutation: Your magical capacity is very low (-20% MP). [an orb of fire]
 98790 | Zot:5    | Gained mutation: Your muscles are strong. (Str +2) [an orb of fire]
 98798 | Zot:5    | Killed an orb of fire
 98812 | Zot:5    | HP: 70/256 [orb of fire/bolt of fire (32)]
 98813 | Zot:5    | Killed an orb of fire
 98817 | Zot:5    | Killed an orb of fire
 98817 | Zot:5    | Reached skill level 12 in Throwing
 98817 | Zot:5    | Reached skill level 13 in Invocations
 98817 | Zot:5    | HP: 55/256 [Killer Klown (16)]
 98817 | Zot:5    | HP: 12/256 [Killer Klown (43)]
 99224 | Zot:5    | Noticed an ancient lich
 99238 | Zot:4    | Reached skill level 23 in Fighting
 99368 | Zot:4    | Killed an ancient lich
 99397 | Zot:5    | Killed an ancient lich
 99431 | Zot:5    | Noticed an orb of fire
 99436 | Zot:5    | Gained mutation: Armour fits poorly on your strangely shaped body. [an orb of fire]
 99447 | Zot:5    | Gained mutation: You are clumsy. (Dex -2) [an orb of fire]
 99450 | Zot:5    | Killed an orb of fire
 99452 | Zot:5    | Lost mutation: Your magical capacity is very low (-20% MP). [potion of cure mutation]
 99452 | Zot:5    | Lost mutation: You are clumsy. (Dex -2) [potion of cure mutation]
 99452 | Zot:5    | Lost mutation: Armour fits poorly on your strangely shaped body. [potion of cure mutation]
 99452 | Zot:5    | Lost mutation: Your muscles are strong. (Str +2) [potion of cure mutation]
 99516 | Zot:5    | Noticed an ancient lich
 99526 | Zot:5    | Killed an ancient lich
 99553 | Zot:5    | Reached skill level 13 in Throwing
 99556 | Zot:5    | Reached skill level 14 in Invocations
 99582 | Zot:5    | Got the Orb of Zot
 99876 | Depths:4 | Noticed Nefoedda the pandemonium lord
 99985 | D:13     | Noticed Pyviosm the pandemonium lord
100093 | D:8      | Noticed Paadwaco the pandemonium lord
100172 | D:5      | Killed HungrySpirit's ghost
100404 | D:$      | Escaped with the Orb!

Skill      XL: |  1  2  3  4  5  6  7  8  9 10 11 12 13 14 15 16 17 18 19 20 21 22 23 24 25 26 27 |
---------------+----------------------------------------------------------------------------------+-----
Long Blades    | 3 4 5 6 8 10 11 13 15 16 18 19 21 23 24 | 24.0
Armour         | 4 5 6 8 10 12 14 16 17 21 22 | 22.0
Fighting       | 6 10 13 14 15 16 17 19 20 21 23 | 23.7
Invocations    | 3 4 8 11 12 14 | 14.4
Dodging        | 5 9 10 11 12 15 18 20 22 | 22.0
Evocations     | 4 9 10 15 | 15.0
Throwing       | 8 10 13 | 13.4
Charms         | 4 7 9 10 18 | 18.0
Spellcasting   | 3 5 6 8 11 | 11.0
Hexes          | 5 7 9 |  9.0
Air Magic      | 5 8 |  8.1
Translocations | 7 8 |  8.0
Stealth        | 2 12 | 12.4
Summonings     | 6 |  6.4
Shields        | |  3.6

Action                   |  1- 3 |  4- 6 |  7- 9 | 10-12 | 13-15 | 16-18 | 19-21 | 22-24 | 25-27 || total
-------------------------+-------+-------+-------+-------+-------+-------+-------+-------+-------++-------
Melee: Long sword        |   109 |   135 |   275 |       |       |       |       |       |       ||   519
       Headbutt          |    17 |    21 |    81 |   209 |   429 |   395 |   486 |   464 |   878 ||  2980
       Scimitar          |       |       |   170 |   798 |       |       |       |       |       ||   968
       Short sword       |       |       |       |     8 |    48 |       |       |       |       ||    56
       Great sword       |       |       |       |       |  1514 |  1149 |       |       |       ||  2663
       Triple sword      |       |       |       |       |    55 |   411 |  1629 |  1532 |  3387 ||  7014
 Fire: Hunting sling     |       |    26 |       |       |       |       |       |       |       ||    26
       Hand crossbow     |       |       |       |     3 |       |       |       |       |       ||     3
Throw: Stone             |       |     3 |       |       |       |       |       |       |       ||     3
       Tomahawk          |       |     3 |     7 |    18 |    21 |    15 |       |       |       ||    64
       Javelin           |       |       |     1 |     8 |     4 |       |     4 |     6 |    81 ||   104
 Cast: Repel Missiles    |       |       |       |       |       |       |       |     8 |    17 ||    25
       Spectral Weapon   |       |       |       |       |       |       |       |       |   138 ||   138
       Apportation       |       |       |       |       |       |       |       |       |    12 ||    12
       Summon Butterflie |       |       |       |       |       |       |       |       |    10 ||    10
       Haste             |       |       |       |       |       |       |       |       |     7 ||     7
       Blink             |       |       |       |       |       |       |       |       |     4 ||     4
       Portal Projectile |       |       |       |       |       |       |       |       |     4 ||     4
Invok: Divine Shield     |       |       |       |       |       |     2 |     1 |     6 |     4 ||    13
       Summon Divine War |       |       |       |       |       |       |       |       |     9 ||     9
 Abil: Evoke Blink       |       |       |       |       |       |       |       |       |     3 ||     3
       Stop Flying       |       |       |       |       |       |       |       |       |     1 ||     1
Evoke: Wand              |       |       |     1 |       |     5 |       |       |       |    28 ||    34
       Rod               |       |       |       |       |       |     1 |       |       |       ||     1
       Phantom mirror    |       |       |       |       |       |       |       |       |     1 ||     1
  Use: Scroll            |     1 |     6 |    12 |     7 |    10 |     9 |     8 |    22 |    52 ||   127
       Potion            |       |       |     3 |     3 |     2 |     7 |     8 |     1 |    26 ||    50
 Stab: Distracted        |       |       |       |       |       |       |     1 |       |       ||     1
  Eat: Chunk             |     1 |     6 |    14 |    22 |    41 |    41 |    31 |    34 |    35 ||   225
       Pizza             |       |       |       |     1 |     1 |     1 |     1 |     4 |     4 ||    12
       Meat ration       |       |       |       |       |     1 |     2 |     1 |     1 |     8 ||    13
       Bread ration      |       |       |       |       |       |       |     2 |     1 |     5 ||     8
       Beef jerky        |       |       |       |       |       |       |     1 |     1 |     4 ||     6
       Royal jelly       |       |       |       |       |       |       |       |     1 |       ||     1
Armor: Scale mail        |     9 |       |       |       |       |       |       |       |       ||     9
       Chain mail        |    54 |    74 |    65 |       |    67 |       |       |       |       ||   260
       Plate armour      |       |       |   144 |   345 |   749 |  1397 |   844 |   651 |   329 ||  4459
       Pearl dragon armo |       |       |       |       |       |       |       |       |  1717 ||  1717
Dodge: Dodged            |    21 |    28 |    65 |   105 |   683 |  1276 |  1044 |  1096 |  3644 ||  7962
       Deflected         |       |       |       |       |       |       |       |    10 |    69 ||    79
Block: Shield            |    56 |    56 |   176 |   300 |       |       |       |       |       ||   588
       Other             |       |       |       |       |       |    15 |     6 |    55 |    49 ||   125

Table legend:
 A = Turns spent in this place as a percentage of turns spent in the entire game.
 B = Non-inter-level travel turns spent in this place as a percentage of non-inter-level travel turns spent in the entire game.
 C = Inter-level travel turns spent in this place as a percentage of turns spent in this place.
 D = Turns resting spent in this place as a percentage of non-inter-level travel turns spent in this place.
 E = Turns spent auto-exploring this place as a percentage of non-inter-level travel turns spent in this place.
 F = Non-inter-level travel turns spent in this place divided by the number of levels of this place that you've seen.
                   A       B       C       D       E      F
               +-------+-------+-------+-------+-------+----------------------
         Total | 100.0 | 100.0 |   0.6 |   2.2 |   2.6 | 437.7
       Dungeon |  12.5 |  12.4 |   1.6 |   1.4 |   6.1 | 357.9
        Temple |   0.1 |   0.1 |   6.7 |   0.0 |  57.1 |  28.0
          Lair |  13.4 |  13.3 |   0.9 |   2.7 |   3.3 | 721.6
        Shoals |   8.1 |   8.1 |   0.3 |   4.9 |   1.2 | 881.5
   Spider Nest |   4.8 |   4.8 |   0.6 |   2.8 |   4.0 | 524.2
    Slime Pits |   2.2 |   2.2 |   0.3 |   2.1 |   0.0 | 160.5
  Orcish Mines |   3.1 |   3.1 |   0.9 |   1.6 |   1.0 | 675.5
   Elven Halls |   4.6 |   4.6 |   0.4 |   1.5 |   4.5 | 665.0
        Vaults |  11.7 |  11.7 |   0.5 |   2.1 |   2.3 | 1015.2
         Crypt |   4.9 |   4.9 |   0.6 |   1.4 |   2.9 | 711.0
        Depths |   8.3 |   8.3 |   0.6 |   2.0 |   3.0 | 722.2
           Zot |   2.6 |   2.6 |   0.1 |   2.5 |   0.1 | 223.0
         Abyss |   6.6 |   6.6 |   0.0 |   0.7 |   0.0 | 410.9
   Pandemonium |  15.1 |  15.1 |   0.0 |   2.0 |   1.1 | 234.4
         Trove |   0.2 |   0.2 |   0.0 |   0.0 |   1.0 | 101.0
      Ice Cave |   0.8 |   0.8 |   0.0 |   0.0 |   0.3 | 364.0
        Wizlab |   0.9 |   0.9 |   0.0 |   2.1 |   0.8 | 389.0
               +-------+-------+-------+-------+-------+----------------------

Vault maps used:
D:1:      dpeg_chamrin_arrival_tetris, minmay_misc_feat_square
D:2:      lemuel_coloured_pillars_altar, first_bread, uniq_robin
D:3:      grunt_pakellas_salt, gammafunk_temple_overflow_pools,
          minmay_misc_feat_tower, minmay_unequal
D:5:      serial_shops, shop_coins, hangedman_minor_gate_pass, uniq_sigmund,
          uniq_blork_the_orc, uniq_menkaure
D:6:      uniq_eustachio
D:7:      minmay_temple_entry_statues_fountains, kennysheep_generic_room_15,
          uniq_pikel, uniq_crazy_yiuf_cottage
D:8:      yredelemnul_altar_generic, kennysheep_mini, david_lair_shrubbed,
          special_room, hangedman_pestilent_swarm, uniq_joseph
D:9:      serial_shops, kennysheep_little_box, uniq_prince_ribbit1, uniq_grum
D:10:     serial_shops, shop
D:11:     kennysheep_orc_monster_closet_entryway, serial_glass, glass_columns_c,
          glass_columns_a, hangedman_abyss_or_decor_slice
D:12:     uniq_sonja
D:13:     serial_shops, shop
D:14:     lightli_vaults_fourway_checkpoint
D:15:     grunt_enter_depths_giant_problem, minmay_crystal_water
Temple:   minmay_temple_curvy_14
Lair:2:   grunt_megastairs_2, serial_bayou_shore_a, lemuel_fruit_tree,
          lemuel_fruit_fields, infiniplex_staircase_pool
Lair:3:   beast_lair_carwin_large_2, spider_nest_entry_funnel_web, basic_altar,
          serial_bayou_crossing
Lair:4:   elwin_shoals_entry_rooms, special_room, nicolae_quartered_pool_little,
          bobbens_ice_dragon_lair
Lair:5:   uniq_josephine
Lair:6:   beast_lair_carwin_8, uniq_maud
Lair:7:   slime_altar_1, minivault_23
Lair:8:   wormcave, hangedman_lair_in_review
Shoals:1: serial_shops, nicolae_shop_competitors_out_of_business
Shoals:2: overgrown_hall, uniq_donald, uniq_polyphemus, uniq_aizul
Shoals:3: serial_shops, shop
Shoals:4: shoals_end_grunt_ice, shoals_ilsuiw_ice, serial_shops,
          nicolae_shop_temple_entry_statues_fountains,
          nicolae_shoals_arrival_archipelago
Spider:1: nicolae_spider_mines_1
Spider:2: nicolae_spider_shape, hangedman_spider_tarantella_strand
Spider:4: guppyfry_spider_rune, nicolae_spider_webbed_stairs
Slime:2:  nicolae_slime_ancient_tower_intersection,
          nicolae_slime_welcoming_committee
Slime:3:  nicolae_slime_jelly_donut
Slime:4:  cheibrodos_slime_lost_civilization_6
Orc:1:    portal_ice_cave_entry_animals_and_master, minmay_orc_barracks,
          uniq_erica, uniq_erolcha
Orc:2:    st_orc_mages, serial_shops, shop, nicolae_orc_damp_corner,
          nicolae_alphabet_shops
Elf:1:    eino_elf_arrival_the_gate, serial_shops, shop_fountains,
          mu_enter_wizlab_5, kennysheep_underground_church, onia_ninara_cookie,
          uniq_kirke
Elf:2:    serial_shops, shop, sword_in_stone, basic_stair_grate_trap
Elf:3:    minmay_elf_hall_dome, serial_sigils_hangedman_snap, uniq_nikola
Vaults:1: v_misc_12, hangedman_vaults_variations, v_misc_8,
          vaults_room_fancy_cross, v_misc_27, vaults_standard_mumra_lines,
          nicolae_vaults_border_crossing, grunt_vaults_hallway_short,
          uniq_asterion
Vaults:2: v_misc_28, nicolae_vaults_little_squares_1, hangedman_vaults_stitches,
          vaults_dpeg_diagonal, vaults_standard_mumra_x, v_pattern_1,
          ontoclasm_vaults_chip, grunt_vaults_hallway_short, v_rooms_4,
          grunt_vaults_hallway_short, grunt_vaults_hallway_long, v_misc_23,
          vaults_room_stairs_pillars, uniq_mara
Vaults:3: minmay_crypt_entry_necro_gods, vaults_room_grid,
          vaults_mumra_minichess, v_misc_24, hangedman_vaults_hat,
          st_smaller_cells, nicolae_vaults_angled_halls, v_misc_30,
          hangedman_vaults_unwind, hangedman_vaults_trim,
          hangedman_vaults_impose
Vaults:4: ontoclasm_vaults_idyll, grunt_vaults_focal,
          nicolae_vaults_little_squares_2, hangedman_vaults_stream,
          nicolae_vaults_little_squares_4, ontoclasm_vaults_loading_screen,
          v_misc_2, nicolae_vaults_gold_heap, nicolae_vaults_alarming,
          nicolae_vaults_mini_display_case, enter_trove_3, serial_shops, shop,
          shop
Vaults:5: serial_shops
Crypt:1:  lemuel_minitomb, grunt_crypt_arrival_split, uniq_sojobo
Crypt:2:  uniq_khufu
Crypt:3:  quadcrypt_mu, uniq_margery
Depths:1: hell_entry, rand_demon_pan_entry_7, st_stairs_11,
          minmay_misc_feat_hallway, minmay_misc_feat_pillars,
          nemelex_diamond_rough_becter, uniq_jorgrun
Depths:2: wad_cavern_with_rooms, hell_entry, dk_noncrumbling_4,
          kennysheep_small_square, uniq_saint_roka
Depths:3: fort_yaktaur, wad_floor_pattern_untrapped, serial_shops,
          nicolae_shop_stone, pan_entry, hell_entry
Depths:4: grunt_forest_end_chambers, enter_ziggurat_d, abyss_entry,
          serial_sigils, serial_sigils_hangedman_scratch,
          serial_sigils_hangedman_stare, serial_sigils_hangedman_gut,
          hell_entry, uniq_frederick
Depths:5: grunt_runaround, abyss_entry, pan_entry, hell_entry
Zot:3:    kennysheep_blocky_room, basic_altar
Zot:4:    grunt_ministairs_11, zot_minivault_3
Zot:5:    nicolae_lava_and_water
Abyss:1:  hangedman_abyss_feature_spike, hangedman_shadowy_showcase,
          evilmike_abyss_exit_plants
Abyss:3:  evilmike_abyss_exit_plants, evilmike_abyss_rune_seething_chaos,
          evilmike_abyss_exit_15
Abyss:4:  hangedman_abyss_rune_flesh_and_stone, guppyfry_abyss_exit_imp_island,
          hangedman_abyss_theft
Abyss:5:  evilmike_abyss_exit_smiterflies, kilobyte_mutagenic_chamber,
          nicolae_abyss_rune_containment_breach
Pan:      lemuel_hellion_island, rand_demon_3, pan_disco_hall,
          evilmike_mini_pan_layers, evilmike_mini_pan_corner,
          grunt_pan_frozen_over, pan_blood_fountain_small,
          nicolae_pan_glass_arcs, pan_blood_fountain_small, grunt_pan_sceptre,
          pan_blood_fountain_small, evilmike_mini_pan_T,
          cerebov_grunt_fire_and_steel, nicolae_pan_gloorx_vloqian_1,
          grunt_pan_zigzag, evilmike_mini_pan_V, pan_blood_fountain_small,
          nicolae_pan_diamonds, evilmike_mini_pan_corridor,
          pan_blood_fountain_2, rand_demon_6, pan_blood_fountain_small,
          rand_demon_2, rand_demon_5, nicolae_pan_lom_lobonic_2,
          nicolae_pan_glass_arcs, grunt_pan_pentagram, lemuel_draining_boxes,
          nicolae_pan_cerebovesque_3, nicolae_pan_strange_glyphs, mnoleg,
          lom_lobon_st, nicolae_pan_sigil_nadil, reaverb_pan_chaos_star,
          nicolae_pan_mnolegish_2, evilmike_mini_pan_other_thingy,
          pan_blood_fountain, evilmike_holy_pan, grunt_pan_pentagram,
          uniq_ignacio, nicolae_pan_gloorx_vloqian_4, rand_demon_8,
          nicolae_pan_mnolegish_5, rand_demon_8, evilmike_gloorx_vloq_box
Trove:    trove_garden
IceCv:    ice_cave_tombish
WizLab:   wizlab_doroklohe
